 Dungeon Crawl Stone Soup version 0.29-a0-857-g9b1aa3ac5b (webtiles) character file.

Game seed: 12610623671098976638

60 Spectrina the Cudgeller (level 4, -1/38 HPs)
             Began as a Meteoran Monk on July 16, 2022.
             Was a Follower of Uskayaw.
             Slain by an adder (3 damage)
             ... on level 4 of the Dungeon.
             The game lasted 00:07:16 (744 turns).

Spectrina the Cudgeller (Meteoran Monk)              Turns: 744, Time: 00:07:17

Health: -1/38      AC:  2    Str: 11 (14) XL:     4   Next: 50%
Magic:  5/5        EV: 13    Int: 10 (12) God:    Uskayaw [*.....]
Gold:   67         SH:  0    Dex: 16      Spells: 3/3 levels left

rFire   . . .      SeeInvis .   c - +0 quarterstaff
rCold   . . .      Faith    .   (shield currently unavailable)
rNeg    . . .      Spirit   .   b - +0 robe
rPois   .          Reflect  .   (no helmet)
rElec   .          Harm     .   (no cloak)
rCorr   .          Rampage  .   (no gloves)
Will    .....                   (no boots)
Stlth   +.........              (no amulet)
HPRegen 0.12/turn               (no ring)
MPRegen 0.09/turn               (no ring)

@: lethally poisoned (-1 -> -5), glowing
A: sense surroundings 1, otherworldly, glowing, explore regen
a: Renounce Religion, Stomp


You were on level 4 of the Dungeon.
You worshipped Uskayaw.
Uskayaw was noncommittal.
You visited 1 branch of the dungeon, and saw 4 of its levels.

You collected 67 gold pieces.

Inventory:

Hand Weapons
 a - a +0 mace
 c - a +0 quarterstaff (weapon)
 d - a +0 sling
Armour
 b - a +0 robe (worn)
Scrolls
 e - 2 scrolls of teleportation {unknown}
 g - a scroll of identify {unknown}
 h - a scroll of amnesia {unknown}
 i - a scroll of fog {unknown}


   Skills:
 - Level 3.2 Fighting
 * Level 5.7 Maces & Flails
 - Level 3.6 Dodging
 + Level 2.1 Stealth
 + Level 0.5 Invocations


You had 3 spell levels left.
You didn't know any spells.
Your spell library was empty.

Dungeon Overview and Level Annotations

Branches:
Dungeon (4/15) Zot: 1620
 Temple: D:4-7

Altars:
Ashenzari
Elyvilon
Trog
Uskayaw

Annotations:
D:2 Sigmund
D:4 Robin


Innate Abilities, Weirdness & Mutations

You passively map a small area around you.
You are easily found by Zot.
You glow in the dark.
You regain HP and MP as you explore.


Message History

Moving in this stuff is going to be slow.
A worm comes into view.
You enter the shallow water.
Moving in this stuff is going to be slow.
You see here a rat corpse.
You hear the brisk rusting of a drain.
You enter the shallow water.
Moving in this stuff is going to be slow.
The adder hisses angrily.
Unknown command.
You completely miss the adder. The adder barely misses you.
You closely miss the adder. The adder closely misses you.
You barely miss the adder. The adder bites you.
The adder bites you but does no damage.
You closely miss the adder. The adder closely misses you.
You hit the adder.
The adder is moderately wounded.
The adder bites you.
You are poisoned.
The adder poisons you! The adder bites you.
* * * LOW HITPOINT WARNING * * *
You closely miss the adder.
The adder is moderately wounded.
You feel sick. The adder bites you but does no damage.
You barely miss the adder.
The adder is moderately wounded.
You feel sick. The adder closely misses you. The adder bites you.
* * * LOW HITPOINT WARNING * * *
You hit the adder but do no damage.
The adder is lightly wounded.
You feel sick. The adder bites you.
* * * LOW HITPOINT WARNING * * *
You are lethally poisoned!
The adder poisons you!
You aren't carrying any potions.
You hit the adder.
The adder is moderately wounded.
* * * LOW HITPOINT WARNING * * *
You feel sick. The adder bites you.
You die...

,, ,....#* * * ***
#...#
##############...####
#....................
#.#####..........##
#.# #...........#, ,
..#####...........#,
* ,
###.....######....#,,
#..........# #..@.#,
* * .##.###....#
#.S.##,, .##.###....#
#...#
.................. ,,
###.#.............. ,
....................
, ###.#
.......#...##. ,
#*#.# .....#...... ,*
. .. ..., ,, *


You could see an adder.

Vanquished Creatures
  An orc wizard (D:3)
  An adder (D:4)
  3 bats
  2 endoplasms
  A giant cockroach (D:4)
  3 hobgoblins
  A quokka (D:4)
  A frilled lizard (D:1)
  6 goblins
  2 kobolds
  4 rats
25 creatures vanquished.

Vanquished Creatures (others)
  2 fungi (D:4)
  3 plants (D:4)
5 creatures vanquished.

Grand Total: 30 creatures vanquished

Notes
Turn   | Place    | Note
-------+----------+-------------------------------------------
     0 | D:1      | Spectrina the Meteoran Monk began the quest for the Orb.
     0 | D:1      | Reached XP level 1. HP: 19/19 MP: 2/2
   112 | D:1      | Reached XP level 2. HP: 26/26 MP: 3/3
   238 | D:2      | Noticed Sigmund
   275 | D:4      | Noticed Robin
   310 | D:4      | Reached skill level 5 in Maces & Flails
   342 | D:3      | Reached XP level 3. HP: 29/31 MP: 4/4
   429 | D:3      | Reached XP level 4. HP: 5/38 MP: 5/5
   552 | D:4      | Found a bloodstained altar of Trog.
   555 | D:4      | Found a hide-covered altar of Uskayaw.
   563 | D:4      | Found a white marble altar of Elyvilon.
   566 | D:4      | Found a broken altar of Ashenzari.
   574 | D:4      | Became a worshipper of Uskayaw the Reveller
   574 | D:4      | Reached * piety under Uskayaw
   669 | D:4      | Reached ** piety under Uskayaw
   744 | D:4      | Slain by an adder

Illustrated notes

Levels and vault maps discovered:
D:1:      nicolae_arrival_somewhat_less_tricky_arrival, layout_basic,
          basic_ecumenical_altar, hangedman_abyss_or_decor_stabs
D:2:      layout_basic, minmay_cupped, uniq_sigmund
D:3:      layout_basic, old_standard_altar
D:4:      layout_basic, grunt_temple_overflow_forces_of_nature,
          grunt_temple_overflow_cloverleaf, temple_hall, ebering_ghost_sewer_f,
          gup_sewer_entry_spiral, uniq_robin

Skill      XL: |  1  2  3 |
---------------+----------+-----
Maces & Flails | 5 |  5.7
Stealth        | 2 |  2.1
Fighting       | |  3.2
Dodging        | |  3.6
Invocations    | |  0.5

Action                   |  1- 3 |  4- 6 || total
-------------------------+-------+-------++-------
Melee: Mace              |    67 |    11 ||    78
       Quarterstaff      |       |    19 ||    19
  Use: Potion            |     3 |       ||     3
Armor: Robe              |    12 |     3 ||    15
Dodge: Dodged            |    43 |    15 ||    58

Table legend: (Time is in decaauts)
 A = Elapsed time spent in this place.
 B = Non-inter-level travel time spent in this place.
 C = Inter-level travel time spent in this place.
 D = Time resting spent in this place.
 E = Time spent auto-exploring this place.
 F = Levels seen in this place.
 G = Mean time per level.
                   A        B        C        D        E       F      G
               +--------+--------+--------+--------+--------+-----+--------+
         Total |    778 |    747 |     31 |      0 |      0 |   4 |  194.5 |
       Dungeon |    778 |    747 |     31 |      0 |      0 |   4 |  194.5 |
               +--------+--------+--------+--------+--------+-----+--------+

Top non-repeatable levels by time:
     D:4: 309 daAuts
     D:3: 227 daAuts
     D:2: 123 daAuts
     D:1: 117 daAuts
